 Dungeon Crawl Stone Soup version 0.30-a0-5-g3a90980b9d (webtiles) character file.

Game seed: 13443772085591234647

77 BritishOli the Trooper (level 4, 0/37 HPs)
             Began as a Demonspawn Fighter on Aug 22, 2022.
             Slain by an orc
             ... wielding a +0 short sword
              (1 damage)
             ... on level 3 of the Dungeon.
             The game lasted 00:01:50 (2308 turns).

BritishOli the Trooper (Demonspawn Fighter)         Turns: 2308, Time: 00:01:51

Health: 0/37       AC:  7    Str: 18    XL:     4   Next: 14%
Magic:  4/4        EV: 10    Int: 10    God:
Gold:   63         SH:  5    Dex: 14    Spells: 3/3 levels left

rFire   . . .      SeeInvis .    s - +4 short sword
rCold   . . .      Faith    .    c - +0 buckler
rNeg    . . .      Spirit   .    p - +2 ring mail {rPois}
rPois   +          Reflect  .    (no helmet)
rElec   .          Harm     .    (no cloak)
rCorr   .          Rampage  .    (no gloves)
Will    .....                    (no boots)
Stlth   ++........               (no amulet)
HPRegen 0.12/turn                (no ring)
MPRegen 0.09/turn                (no ring)

@: lethally poisoned (0 -> -16)
A: claws 1, thin skeletal structure 1, demonic guardian 1
a: no special abilities


You were on level 3 of the Dungeon.
You visited 1 branch of the dungeon, and saw 3 of its levels.

You collected 63 gold pieces.

Inventory:

Hand Weapons
 a - a +0 long sword
 s - a +4 short sword (weapon)
Armour
 b - a +0 scale mail
 c - a +0 buckler (worn)
 p - a +2 ring mail of poison resistance (worn)
Jewellery
 g - a ring of magical power
 j - a ring of fire
 m - a ring of willpower
 r - a ring of protection from fire
Scrolls
 e - 3 scrolls of identify {unknown}
 l - a scroll of poison {unknown}
 n - a scroll of teleportation {unknown}
 q - a scroll of enchant armour {unknown}
Potions
 d - 3 potions of might
 f - a potion of attraction {unknown}
 h - a potion of curing {unknown}
 i - a potion of mutation {unknown}
 k - 2 potions of berserk rage {unknown}
 o - a potion of heal wounds {unknown}


   Skills:
 + Level 3.8 Fighting
 + Level 2.7 Long Blades
 - Level 3.0 Armour
 - Level 3.1 Shields


You had 3 spell levels left.
You didn't know any spells.
Your spell library was empty.

Dungeon Overview and Level Annotations

Branches:
Dungeon (3/15)

Altars:
Qazlal
Vehumet


Innate Abilities, Weirdness & Mutations

You have sharp fingernails.
You have a somewhat thin skeletal structure. (Dex +2, Stealth+)
A weak demonic guardian rushes to your aid.


Message History

The orc priest completely misses you. The orc barely misses you.
You hit the orc priest.
The orc priest is lightly wounded.
You block the orc's attack. You block the goblin's attack.
You block the orc's attack.
The orc priest calls down the wrath of Beogh upon you.
You barely resist.
You hit the orc priest but do no damage.
The orc priest is lightly wounded.
The orc hits you but does no damage. You block the goblin's attack.
The orc priest barely misses you. The orc hits you but does no damage.
You are poisoned.
You puncture the orc priest!
The orc priest is severely wounded.
You feel very sick. The orc hits you but does no damage. The orc misses you.
The orc priest mumbles some strange prayers to Beogh against you.
Beogh smites you!
A demonic guardian appears!
You block the goblin's attack.
You hit the orc priest.
The orc priest is severely wounded.
You feel sick. The orc barely misses you. The orc misses you.
You block the goblin's attack. The orc priest closely misses you.
Your shadow imp misses the orc.
You hit the orc priest.
The orc priest is almost dead.
You feel sick. The orc closely misses you.
The goblin hits you but does no damage. The orc hits you with a +0 short sword.
The orc priest hits you with a +0 mace.
* * * LOW HITPOINT WARNING * * *
Your shadow imp hits the orc.
You closely miss the orc priest.
The orc priest is almost dead.
You feel sick.
The orc hits you with a +0 short sword of venom.
* * * LOW HITPOINT WARNING * * *
You are more poisoned.
The goblin hits you but does no damage. The orc priest hits you with a +0 mace.
* * * LOW HITPOINT WARNING * * *
The orc hits you with a +0 short sword.
You die...

..# #..........#
#####........>.#
...##..........#
...##..........#
..('.####'####.#
...#...##.####'#####
...###.##.#........#
...# #.##.#....o5..#
...# #.##.#....o@..#
...# #.##.#....go..#
...# #..#.#........#
#### ##.#.#........#
. #........#
#..#+##### #.# ..


You could see an orc priest, 2 orcs, a goblin and a friendly shadow imp
(summoned).

Vanquished Creatures
  3 adders (D:2)
  2 worms (D:2)
  2 dart slugs (D:2)
  An orc (D:3)
  3 ball pythons (D:2)
  2 endoplasms (D:2)
  A giant cockroach (D:2)
  2 goblins
  4 hobgoblins
  4 jackals (D:1)
  3 kobolds
  2 quokkas (D:2)
  3 bats
  3 frilled lizards
  3 rats
38 creatures vanquished.

Notes
Turn   | Place    | Note
-------+----------+-------------------------------------------
     0 | D:1      | BritishOli the Demonspawn Fighter began the quest for the
                  | Orb.
     0 | D:1      | Reached XP level 1. HP: 18/18 MP: 1/1
   503 | D:1      | Found a faded altar of an unknown god.
   556 | D:1      | Gained mutation: You have sharp fingernails. [demonic
                  | ancestry]
   556 | D:1      | Reached XP level 2. HP: 5/24 MP: 2/2
  1554 | D:2      | Gained mutation: You have a somewhat thin skeletal
                  | structure. (Dex +2, Stealth+) [demonic ancestry]
  1554 | D:2      | Reached XP level 3. HP: 24/29 MP: 3/3
  1929 | D:2      | Gained mutation: A weak demonic guardian rushes to your
                  | aid. [demonic ancestry]
  1929 | D:2      | Reached XP level 4. HP: 37/37 MP: 4/4
  2248 | D:3      | Found a radiant altar of Vehumet.
  2270 | D:3      | Found a stormy altar of Qazlal.
  2308 | D:3      | HP: 1/37 [orc priest/+0 mace (2)]
  2308 | D:3      | Slain by an orc

Illustrated notes

Levels and vault maps discovered:
D:1:      amcnicky_arrival_abandoned_market, layout_loops_corners,
          ebering_ecumenical_altar_sacrificial, minmay_misc_feat_columns,
          minivault_19
D:2:      layout_basic, dreamdust_princess_corridor
D:3:      layout_basic, chequers_temple_overflow_statue_of_worship,
          ebering_ghost_rock_garden, grunt_decor_clamped

Skill      XL: |  1  2 |
---------------+-------+-----
Long Blades    | 2 |  2.7
Shields        | 3 |  3.1
Armour         | 3 |  3.0
Fighting       | |  3.8

Action                   |  1- 3 |  4- 6 || total
-------------------------+-------+-------++-------
Melee: Long sword        |   110 |    23 ||   133
       Short sword       |       |     6 ||     6
 Stab: Sleeping          |       |     1 ||     1
Armor: Scale mail        |    24 |       ||    24
       Ring mail         |    36 |    16 ||    52
Dodge: Dodged            |    65 |    17 ||    82
Block: Buckler           |    43 |    16 ||    59

Table legend: (Time is in decaauts)
 A = Elapsed time spent in this place.
 B = Non-inter-level travel time spent in this place.
 C = Inter-level travel time spent in this place.
 D = Time resting spent in this place.
 E = Time spent auto-exploring this place.
 F = Levels seen in this place.
 G = Mean time per level.
                   A        B        C        D        E       F      G
               +--------+--------+--------+--------+--------+-----+--------+
         Total |   2352 |   2239 |    113 |    394 |   1506 |   3 |  784.0 |
       Dungeon |   2352 |   2239 |    113 |    394 |   1506 |   3 |  784.0 |
               +--------+--------+--------+--------+--------+-----+--------+

Top non-repeatable levels by time:
     D:1: 1243 daAuts
     D:2: 967 daAuts
     D:3: 141 daAuts
